 Dungeon Crawl Stone Soup version 0.15-a0-1729-g99b9770 (console) character file.

10298 Schneiderlin the Grappler (level 11, -1/97 HPs)
             Began as a Minotaur Monk on June 27, 2014.
             Was a High Priest of Cheibriados.
             Slain by an ice dragon (10 damage)
             ... in an ice cave.
             The game lasted 00:25:31 (3980 turns).

Schneiderlin the Grappler (Minotaur Monk)           Turns: 3980, Time: 00:25:31

HP  -1/97        AC 14     Str 33      XL: 11   Next: 34%
MP  18/18        EV 18     Int 21      God: Cheibriados [*****.]
Gold 765         SH  2     Dex 27      Spells:  1 memorised,  9 levels left

rFire  + . .     SeeInvis .       - Unarmed
rCold  + . .     Clarity  .     q - +2 chain mail {rF+}
rNeg   . . .     rCorr    .     (no shield)
rPois  +         rRot     .     (helmet restricted)
rElec  .         Spirit   .     (no cloak)
SustAb .         Warding  .     P - +0 pair of gloves (curse)
rMut   .         Stasis   .     k - +0 pair of boots
Gourm  .                        (no amulet)
MR     .....                    O - ring of protection from cold
                                g - ring of poison resistance

@: very slightly contaminated, invisible, very slow, not resistant to hostile
enchantments, extremely unstealthy
A: retaliatory headbutt, horns 2, large bone plates 1, breathe flames 1, fast
metabolism 1
a: Bend Time, Temporal Distortion, Slouch, Step From Time, Renounce Religion,
Breathe Fire


You were in an ice cave.
You worshipped Cheibriados.
Cheibriados was extremely pleased with you.
You were not hungry.

You visited 2 branches of the dungeon, and saw 11 of its levels.
You also visited: Ice Cave.

You collected 765 gold pieces.

Inventory:

Hand weapons
 m - a +2 short sword of holy wrath
 C - a +2 dagger of speed
 F - a cursed -1 dagger
 G - a +0 great mace
 I - a +2 longbow of flaming
 Q - a +2 dagger of speed
Missiles
 v - 5 javelins (quivered)
 L - a throwing net
 N - 23 arrows
Armour
 d - a +0 ring mail
 e - a +0 scale mail
 k - a +0 pair of boots (worn)
 l - a +0 plate armour
 q - a +2 chain mail of fire resistance (worn)
 P - a cursed +0 pair of gloves (worn)
 S - a cursed +0 robe
Magical devices
 i - a wand of magic darts (10)
 B - a wand of enslavement (13)
 J - a wand of fire (1)
Comestibles
 b - 6 bread rations
 w - a royal jelly
 K - 6 beef jerkies
Scrolls
 a - 6 scrolls of teleportation {unknown}
 c - 4 scrolls of remove curse
 y - 2 scrolls of enchant armour {unknown}
Jewellery
 g - a ring of poison resistance (left hand)
 o - an uncursed ring of wizardry
 O - a ring of protection from cold (right hand)
Potions
 n - 2 potions of magic
 p - a potion of agility
 r - a potion of might {unknown}
 s - 2 potions of brilliance
 t - 2 potions of heal wounds
 u - a potion of flight
 D - a potion of poison {unknown}
 R - a potion of curing {unknown}
Magical staves
 E - an uncursed staff of air {unknown}


   Skills:
 - Level 9.0 Fighting
 + Level 10.3 Dodging
 - Level 1.5 Stealth
 + Level 13.3 Unarmed Combat
 + Level 7.3 Invocations


You had 9 spell levels left.
You knew the following spells:

 Your Spells              Type           Power        Failure   Level  Hunger
a - Summon Butterflies    Summ           #.......     77%         1    ##.....


Dungeon Overview and Level Annotations

Branches:
Dungeon (10/15)            Temple (0/1) D:4             Orc (1/4) D:10
   Lair: D:8-11

Altars:
Cheibriados
Dithmenos
Fedhas
Okawaru
Vehumet
Zin
The Shining One

Annotations:
D:4 exclusion: oklob sapling


Innate Abilities, Weirdness & Mutations

You reflexively headbutt those who attack you in melee.
You have a pair of horns on your head.
You are partially covered in large bone plates (AC +2, SH +2).
You can breathe flames.
You have a fast metabolism.


Message History

Press: ? - help, Shift-Dir - straight line, f - ice dragon
Aim: an ice dragon The bolt of fire hits the ice dragon.
The ice dragon is burned terribly!
The ice dragon is moderately wounded.
The bolt of fire hits the ice dragon.
The ice dragon is burned terribly!
The ice dragon is moderately wounded.
Press: ? - help, v - describe, . - travel
Here: an ice dragon (moderately wounded)
The floor.
Unknown command.
Unknown command.
The ice dragon breathes frost at the ice dragon.
The blast of cold hits the ice dragon.
The ice dragon resists.
The blast of cold hits you! You resist.
* * * LOW HITPOINT WARNING * * *
The ice dragon barely misses you. You furiously retaliate!
You headbutt the ice dragon!
The ice dragon claws you but does no damage.
The ice dragon tramples you!
You die...

#..##..#≈≈≈#,"...#*
##..#.##≈≈≈#$.....*
###...#*≈≈≈#$...D.*
##.##*≈≈≈#,$.D..##
### *#≈≈#,,,....#
**≈≈#,,,,#..#
*≈≈≈#,,,,##D#
**≈≈≈**,,##D.#
*≈≈≈≈**,*#@..#
*≈≈≈≈≈#####..#
*≈≈≈≈##...#.##
*≈≈≈≈#..#...# *≈≈≈
##.##..#
**≈≈≈*#..#.##
*≈≈≈###.### #
**≈##...# #
*##..###


You could see 2 ice dragons.

Vanquished Creatures
  A centaur warrior (D:9)
  An unseen horror (D:10)
  2 ice statues (IceCv)
  2 hill giants (D:10)
  A gargoyle (D:9)
  A fire drake (D:10)
  A troll (D:9)
  2 polar bears (Orc:1)
  3 yaks (Orc:1)
  3 hippogriffs
  A hill giant skeleton (D:8)
  A hungry ghost (D:10)
  2 wolves (Orc:1)
  A water moccasin (D:9)
  2 phantoms
  A black bear (D:9)
  19 ice beasts
  5 orc warriors
  A necrophage (D:8)
  2 sky beasts
  4 centaurs
  5 ogres
  A big kobold (D:9)
  4 giant frogs
  A scorpion (D:4)
  3 troll zombies
  A goliath beetle (D:7)
  A quasit (D:10)
  5 hounds
  A crimson imp (D:6)
  A jelly (D:9)
  4 orc priests
  7 orc wizards
  2 iguanas
  6 worker ants
  6 ogre zombies (D:10)
  An ogre skeleton (D:4)
  A hound skeleton (D:9)
  6 adders
  3 gnolls (D:4)
  3 shadow imps
  3 worms
  6 orc skeletons
  3 giant geckos
  2 oozes (D:3)
  27 orcs
  5 bats
  3 goblins
  11 hobgoblins
  7 kobolds
  A quokka (D:9)
  4 giant newts
  3 goblin skeletons (D:10)
  A goblin zombie (D:10)
  A hobgoblin skeleton (D:10)
  12 orc zombies (D:10)
  3 rats
  A rat skeleton (D:5)
  A plant (D:9)
212 creatures vanquished.

Vanquished Creatures (others)
  2 orcs
  5 butterflies (IceCv)
7 creatures vanquished.

Grand Total: 219 creatures vanquished

Notes
Turn   | Place    | Note
--------------------------------------------------------------
     0 | D:1      | Schneiderlin, the Minotaur Monk, began the quest for the Orb.
     0 | D:1      | Reached XP level 1. HP: 19/19 MP: 1/1
   228 | D:3      | Reached XP level 2. HP: 10/26 MP: 1/1
   286 | D:3      | Found a shadowy altar of Dithmenos.
   286 | D:3      | Found a glowing golden altar of the Shining One.
   286 | D:3      | Found an iron altar of Okawaru.
   286 | D:3      | Found a radiant altar of Vehumet.
   286 | D:3      | Found a snail-covered altar of Cheibriados.
   286 | D:3      | Found a glowing silver altar of Zin.
   302 | D:3      | Reached skill level 5 in Unarmed Combat
   344 | D:3      | Became a worshipper of Cheibriados the Contemplative
   552 | D:4      | Noticed a scorpion
   560 | D:4      | Killed a scorpion
   560 | D:4      | Reached skill level 1 in Invocations
   560 | D:4      | Reached XP level 3. HP: 17/31 MP: 2/2
   576 | D:4      | Reached XP level 4. HP: 23/39 MP: 2/2
   746 | D:4      | Found a staircase to the Ecumenical Temple.
   746 | D:4      | Noticed an oklob sapling
   802 | D:4      | Reached skill level 6 in Unarmed Combat
   813 | D:4      | Noticed an ogre
   827 | D:4      | Killed an ogre
   827 | D:4      | Reached XP level 5. HP: 35/45 MP: 2/3
   944 | D:4      | Gained mutation: You have a fast metabolism. [potion of mutation]
   944 | D:4      | Gained mutation: You can breathe flames. [potion of mutation]
   944 | D:4      | Gained mutation: You are partially covered in large bone plates (AC +2, SH +2). [potion of mutation]
   971 | D:5      | Entered Level 5 of the Dungeon
   982 | D:5      | Reached XP level 6. HP: 45/51 MP: 5/5
  1003 | D:5      | Acquired Cheibriados' first power
  1016 | D:5      | Noticed an orc warrior
  1035 | D:5      | Killed an orc warrior
  1035 | D:5      | Reached skill level 7 in Unarmed Combat
  1098 | D:5      | Reached skill level 5 in Dodging
  1152 | D:5      | Noticed a sky beast
  1167 | D:5      | Killed a sky beast
  1167 | D:5      | Reached XP level 7. HP: 57/57 MP: 5/7
  1333 | D:4      | Found a blossoming altar of Fedhas.
  1783 | D:6      | Acquired Cheibriados' second power
  1783 | D:6      | Reached skill level 8 in Unarmed Combat
  2032 | D:7      | Reached XP level 8. HP: 50/64 MP: 9/9
  2117 | D:7      | Reached skill level 9 in Unarmed Combat
  2465 | D:8      | Reached skill level 5 in Invocations
  2482 | D:8      | Acquired Cheibriados' third power
  2482 | D:8      | Reached skill level 10 in Unarmed Combat
  2741 | D:9      | Reached XP level 9. HP: 50/70 MP: 8/12
  2875 | D:9      | Reached skill level 11 in Unarmed Combat
  2906 | D:9      | Noticed a gargoyle
  2920 | D:9      | Killed a gargoyle
  3194 | D:9      | Noticed a centaur warrior
  3202 | D:9      | Killed a centaur warrior
  3202 | D:9      | Reached skill level 5 in Fighting
  3202 | D:9      | Reached XP level 10. HP: 47/83 MP: 12/16
  3220 | D:9      | Learned a level 1 spell: Summon Butterflies
  3241 | D:10     | Entered Level 10 of the Dungeon
  3241 | D:10     | Noticed a hill giant
  3248 | D:10     | Killed a hill giant
  3248 | D:10     | Reached skill level 12 in Unarmed Combat
  3390 | D:10     | Noticed a hill giant
  3400 | D:10     | Killed a hill giant
  3509 | D:10     | Found a staircase to the Orcish Mines.
  3589 | D:10     | Killed an unseen horror
  3618 | Orc:1    | Entered Level 1 of the Orcish Mines
  3635 | Orc:1    | Found a frozen archway.
  3658 | Orc:1    | Reached XP level 11. HP: 56/97 MP: 12/17
  3671 | IceCv    | Entered an ice cave
  3710 | IceCv    | Reached skill level 10 in Dodging
  3710 | IceCv    | Reached skill level 13 in Unarmed Combat
  3740 | IceCv    | Noticed an ice statue
  3740 | IceCv    | Noticed an ice statue
  3825 | IceCv    | Killed an ice statue
  3842 | IceCv    | Killed an ice statue
  3976 | IceCv    | Noticed an ice dragon
  3976 | IceCv    | Noticed an ice dragon
  3980 | IceCv    | Slain by an ice dragon

Action                   |  1- 3 |  4- 6 |  7- 9 | 10-12 || total
-------------------------+-------+-------+-------+-------++-------
Melee: Unarmed           |    50 |    96 |   200 |   183 ||   529
       Hand axe          |     2 |       |       |       ||     2
Throw: Javelin           |       |       |     5 |     9 ||    14
       Throwing net      |       |       |       |     1 ||     1
Invok: Bend Time         |       |     1 |     7 |     3 ||    11
       Slouch            |       |       |       |     1 ||     1
       Temporal Distorti |       |       |       |     1 ||     1
Evoke: Wand              |       |       |     2 |     1 ||     3
  Use: Scroll            |     1 |     4 |     3 |     7 ||    15
       Potion            |       |     1 |       |     2 ||     3
